 Dungeon Crawl Stone Soup version 0.17.1-3-g152610e (webtiles) character file.

117 Heskey the Cudgeler (level 4, 0/35 HPs)
             Began as a Demonspawn Gladiator on Mar 25, 2016.
             Succumbed to kobold's curare-tipped needle
             ... on level 3 of the Dungeon.
             The game lasted 00:04:33 (2499 turns).

Heskey the Cudgeler (Demonspawn Gladiator)          Turns: 2499, Time: 00:04:33

Health: 0/35       AC:  5    Str: 16    XL:     4   Next: 71%
Magic:  4/4        EV: 12    Int:  9    God:
Gold:   140        SH:  0    Dex: 14    Spells: 0 memorised, 3 levels left

rFire  . . .     SeeInvis .     a - +0 flail
rCold  . . .     Clarity  .     b - +0 leather armour
rNeg   . . .     SustAt   +     (no shield)
rPois  .         Gourm    .     r - +0 helmet
rElec  .         Spirit   .     (no cloak)
rCorr  .         Warding  .     i - +0 pair of gloves
rMut   .         Stasis   .     (no boots)
MR     .....                    l - amulet of rage
Stlth  +.........               (no ring)
                                m - ring of sustain attributes

@: lethally poisoned (0 -> -1), exhausted, slowed, very slow, not resistant to
hostile enchantments, very unstealthy
A: talons 1
a: Evoke Berserk Rage


You were on level 3 of the Dungeon.
You were not hungry.

You visited 1 branch of the dungeon, and saw 3 of its levels.

You collected 140 gold pieces.

Inventory:

Hand Weapons
 a - a +0 flail (weapon)
Missiles
 d - 3 throwing nets (quivered)
Armour
 b - a +0 leather armour (worn)
 c - a +0 helmet
 i - a +0 pair of gloves (worn)
 r - a +0 helmet (worn)
Jewellery
 l - an amulet of rage (around neck)
 m - a ring of sustain attributes (left hand)
Scrolls
 f - 3 scrolls of teleportation
 g - 3 scrolls of remove curse
 n - 2 scrolls of recharging
Comestibles
 e - 4 bread rations
 h - 2 meat rations


   Skills:
 + Level 3.3 Fighting
 + Level 3.7 Maces & Flails
 - Level 1.7 Throwing
 + Level 1.9 Armour
 - Level 2.6 Dodging


You had 3 spell levels left.
You didn't know any spells.

Dungeon Overview and Level Annotations

Branches:
Dungeon (3/15)

Altars:
Ashenzari
Cheibriados
Dithmenos
Elyvilon
Gozag
Vehumet
The Shining One


Innate Abilities, Weirdness & Mutations

You have sharp toenails.


Message History

You aren't carrying any items that can be evoked.
You aren't carrying any potions.
Read which item? (? for menu, Esc to quit)
Okay, then.
Put on which piece of jewellery? (? for menu, Esc to quit)
Okay, then.
You see here a curare-tipped needle.
* * * LOW HITPOINT WARNING * * *
You feel sick.
You see here a curare-tipped needle.
You see here a curare-tipped needle.
You're too exhausted to go berserk.
There is a lethal amount of poison in your body!
* * * LOW HITPOINT WARNING * * *
You feel sick.
* * * LOW HITPOINT WARNING * * *
You feel sick.
* * * LOW HITPOINT WARNING * * *
You feel sick.
You die...

# # #
#################
#
#...............#
#
#.#############.#
####### #.# #.#
......######.#####
#.#
................(#
#.#
.####.#####..###@#
#.# ## #........#
#)# #.# #.#####..#
#)# #.# #..# #.#
##.# #..# #.# #..#
.... ... #.## ##.#
#.# #.# .> ..# #(#
#.# #.#


There were no monsters in sight!

Vanquished Creatures
  5 adders
  2 oozes (D:1)
  A worm (D:2)
  4 giant geckos
  4 orcs (D:3)
  4 hobgoblins
  8 kobolds
  8 bats
  3 giant cockroaches
  2 giant newts (D:2)
  6 goblins
  8 rats
55 creatures vanquished.

Notes
Turn   | Place    | Note
--------------------------------------------------------------
     0 | D:1      | Heskey the Demonspawn Gladiator began the quest for the Orb.
     0 | D:1      | Reached XP level 1. HP: 16/16 MP: 1/1
   117 | D:1      | Gained mutation: You have sharp toenails. [demonic ancestry]
   117 | D:1      | Reached XP level 2. HP: 22/22 MP: 2/2
   168 | D:1      | Reached skill level 3 in Maces & Flails
   864 | D:2      | Reached XP level 3. HP: 17/28 MP: 3/3
   901 | D:2      | Reached skill level 1 in Armour
  1078 | D:2      | Found a shadowy altar of Dithmenos.
  1657 | D:2      | Found a snail-covered altar of Cheibriados.
  1658 | D:2      | Found an opulent altar of Gozag.
  1725 | D:2      | Found a shattered altar of Ashenzari.
  1727 | D:2      | Found a shadowy altar of Dithmenos.
  1786 | D:2      | Reached XP level 4. HP: 27/35 MP: 4/4
  1829 | D:2      | Found a radiant altar of Vehumet.
  2056 | D:2      | Found a white marble altar of Elyvilon.
  2057 | D:2      | Found a glowing golden altar of the Shining One.
  2496 | D:3      | HP: 1/35 [poisoned by kobold (curare-tipped needle)]
  2499 | D:3      | Succumbed to kobold's curare-tipped needle

Action                   |  1- 3 |  4- 6 || total
-------------------------+-------+-------++-------
Melee: Flail             |   143 |    57 ||   200
 Abil: Evoke Berserk Rag |     1 |       ||     1
  Use: Scroll            |     3 |     3 ||     6
       Potion            |     1 |     4 ||     5
 Stab: Sleeping          |     1 |     1 ||     2
  Eat: Chunk             |     3 |       ||     3
       Meat ration       |       |     1 ||     1
